 Dungeon Crawl Stone Soup version 0.29.0-11-gd7f09526c8 (webtiles) character file.

Game seed: 8728552281098601159

1265 Flugkiller the Cleaver (level 8, -2/73 HPs)
             Began as a Minotaur Fighter on Sept 6, 2022.
             Succumbed to Duvessa's poison
             ... on level 5 of the Dungeon.
             The game lasted 00:01:50 (4518 turns).

Flugkiller the Cleaver (Minotaur Fighter)           Turns: 4518, Time: 00:01:51

Health: -2/73      AC:  9    Str: 26    XL:     8   Next: 27%
Magic:  7/7        EV:  9    Int:  5    God:
Gold:   424        SH:  5    Dex: 13    Spells: 7/7 levels left

rFire   . . .      SeeInvis .   a - +0 war axe
rCold   + . .      Faith    .   m - +0 buckler
rNeg    . . .      Spirit   .   b - +0 scale mail
rPois   .          Reflect  .   (helmet restricted)
rElec   .          Harm     .   q - +0 cloak
rCorr   .          Rampage  .   (no gloves)
Will    .....                   (no boots)
Stlth   ..........              (no amulet)
HPRegen 0.22/turn               c - ring of protection from cold
MPRegen 0.10/turn               n - +6 ring of strength

@: mighty, lethally poisoned (-2 -> -43)
A: horns 2, retaliatory headbutt
a: no special abilities


You were on level 5 of the Dungeon.
You visited 1 branch of the dungeon, and saw 5 of its levels.
You also visited: Ossuary.

You collected 454 gold pieces.
You spent 30 gold pieces at shops.

Inventory:

Hand Weapons
 a - a +0 war axe (weapon)
Armour
 b - a +0 scale mail (worn)
 m - a +0 buckler (worn)
 q - a +0 cloak (worn)
   (You took it off Crazy Yiuf on level 2 of the Dungeon)
Jewellery
 c - a ring of protection from cold (left hand)
   (You found it on level 1 of the Dungeon)
 n - a +6 ring of strength (right hand)
   (You found it on level 2 of the Dungeon)
Scrolls
 l - a scroll of immolation {unknown}
 t - a scroll of silence {unknown}
 u - a scroll of amnesia {unknown}
 v - a scroll of acquirement {unknown}
 w - a scroll of enchant weapon {unknown}
 y - a scroll of torment {unknown}
 B - a scroll of teleportation {unknown}
Potions
 d - 2 potions of might
 f - 2 potions of mutation
 g - 3 potions of lignification {unknown}
 h - a potion of haste
 i - 2 potions of flight {unknown}
 k - a potion of brilliance {unknown}
 o - 4 potions of heal wounds {unknown}
 p - 2 potions of curing {unknown}
 s - a potion of degeneration {unknown}
 x - a potion of invisibility {unknown}
 z - 2 potions of attraction {unknown}
 A - a potion of resistance {unknown}


   Skills:
 + Level 7.0 Fighting
 * Level 8.8 Axes
 + Level 7.0 Armour
 - Level 3.6 Shields


You had 7 spell levels left.
You didn't know any spells.
Your spell library was empty.

Dungeon Overview and Level Annotations

Branches:
Dungeon (5/15)            Ossuary (visited)
 Temple: D:4-7

Altars:
Ashenzari
Nemelex Xobeh
Xom

Shops:
D:1 :   D:2 *

Annotations:
D:5 Duvessa


Innate Abilities, Weirdness & Mutations

You have a pair of horns on your head.
You reflexively headbutt those who attack you in melee.


Message History

You closely miss the orc. You headbutt the orc.
The orc is severely wounded.
You slash the orc wizard!
The orc wizard points at you and mumbles some strange words.
You resist with some effort.
You hit the orc wizard. Your headbutt misses the orc wizard.
The orc wizard is severely wounded.
You barely miss the orc. The orc barely misses you. You furiously retaliate!
You headbutt the orc.
You kill the orc!
The orc wizard hits you with a +0 dagger.
You closely miss the orc wizard. Your headbutt misses the orc wizard.
The orc wizard is severely wounded.
You hit the orc. The orc wizard closely misses you.
The orc hits you with a +0 whip.
You completely miss the orc wizard.
The orc wizard is severely wounded.
You slash the orc!
You kill the orc!
The orc wizard completely misses you.
You hit the orc wizard.
You kill the orc wizard!
No target in view!
No target in view!
No target in view!
No target in view!
No target in view!
HP restored.
Items here: )) [ ††.
Items here: )) [[ ††.
Found a stone staircase leading down.
You see here a +0 helmet of see invisible.
There is a stone staircase leading down here.
Found a stone staircase leading down.
The orc shouts!
An orc is nearby!
An orc is nearby!
An orc is nearby!
You block the orc's attack.
You slash the orc!
You kill the orc!
No target in view!
No target in view!
No target in view!
No target in view!
No target in view!
No target in view!
No target in view!
You now have 424 gold pieces (gained 12).
Things that are here:
a +0 club; a +0 leather armour Dowan, Brother of Duvessa comes into view.
He is wielding a +0 dagger.
Dowan shouts!
You hear a shout!
Dowan is nearby!
Dowan is nearby!
Dowan is nearby!
Duvessa, Sister of Dowan comes into view.
She is wielding a +4 short sword of venom.
Duvessa says, "My weaknesses are his strengths!"
Dowan says, "Stay away from my face!"
You block Dowan's attack.
You slash Dowan!
Dowan is moderately wounded.
Dowan hits you but does no damage.
You slash Dowan!
Dowan is almost dead.
You hit Dowan.
You kill Dowan!
Duvessa weeps, and shakes her weapon.
Duvessa goes berserk!
You slash Duvessa! Duvessa closely misses you.
Your Fighting skill increases to level 7!
Your Armour skill increases to level 7!
You closely miss Duvessa. Your headbutt misses Duvessa.
Duvessa is lightly wounded.
Duvessa barely misses you. Duvessa misses you. You furiously retaliate!
You headbutt Duvessa! You barely miss Duvessa. Your headbutt misses Duvessa.
Duvessa is moderately wounded.
Duvessa hits you with a +4 short sword of venom!
You are poisoned.
Duvessa hits you with a +4 short sword of venom!
You are more poisoned.
You slash Duvessa!
Duvessa is heavily wounded.
You feel extremely sick.
Duvessa hits you with a +4 short sword of venom!
* * * LOW HITPOINT WARNING * * *
You are more poisoned.
You are too injured to fight recklessly!
You are too injured to fight recklessly!
You slash Duvessa!
Duvessa is heavily wounded.
* * * LOW HITPOINT WARNING * * *
You feel extremely sick.
Duvessa hits you with a +4 short sword of venom.
* * * LOW HITPOINT WARNING * * *
You are more poisoned.
Duvessa completely misses you.
Unknown command.
You feel very mighty all of a sudden.
You die...

#..#
##..######
#..#
###.###
#..#
##..##
#..##..##
#....##
#..###
####.#
####...##
#.....@#
#.....)e#
........#
#.......#
##......#
###....#
##..## ...


You could see Duvessa (berserk).

Vanquished Creatures
  Grinder (D:3)
  Sigmund (D:3)
  An ogre (D:4)
  A phantom (D:4)
  A necrophage (D:4)
  Dowan (D:5)
  2 orc priests
  Crazy Yiuf (D:2)
  Jessica (D:3)
  An orc wizard (D:5)
  Natasha (thrice) (D:3)
  2 iguanas (D:4)
  8 mummies (Ossuary)
  Robin (D:2)
  7 gnolls
  7 adders
  2 worms (D:2)
  3 dart slugs
  11 orcs
  5 endoplasms
  3 giant cockroaches
  2 gnoll zombies (Ossuary)
  15 goblins
  7 hobgoblins
  3 jackals (D:1)
  2 quokkas
  8 ball pythons
  5 bats
  8 frilled lizards
  A hobgoblin zombie (Ossuary)
  9 kobolds
  3 kobold zombies (Ossuary)
  2 orc zombies (Ossuary)
  2 rats
130 creatures vanquished.

Notes
Turn   | Place    | Note
-------+----------+-------------------------------------------
     0 | D:1      | Flugkiller the Minotaur Fighter began the quest for the
                  | Orb.
     0 | D:1      | Reached XP level 1. HP: 19/19 MP: 0/0
   384 | D:1      | Reached skill level 3 in Axes
   384 | D:1      | Reached XP level 2. HP: 18/27 MP: 1/1
   546 | D:1      | Found Jadaxe's Book Shoppe.
   846 | D:2      | Found Futheseh's Assorted Antiques.
   853 | D:2      | Bought a scroll labelled UFE TOWNYGAN for 30 gold pieces
   936 | D:2      | Reached XP level 3. HP: 31/33 MP: 2/2
  1007 | D:2      | Found a faded altar of an unknown god.
  1029 | D:2      | Noticed Robin
  1037 | D:2      | Killed Robin
  1040 | D:2      | Reached skill level 4 in Axes
  1214 | D:2      | Reached XP level 4. HP: 40/40 MP: 3/3
  1723 | D:2      | Found a runed translucent door.
  1724 | D:2      | Noticed Crazy Yiuf
  1976 | D:2      | Killed Crazy Yiuf
  2055 | D:3      | Noticed Sigmund
  2064 | D:3      | Killed Sigmund
  2065 | D:3      | Reached skill level 5 in Fighting
  2065 | D:3      | Reached skill level 5 in Axes
  2065 | D:3      | Reached skill level 5 in Armour
  2065 | D:3      | Reached XP level 5. HP: 43/48 MP: 4/4
  2065 | D:3      | Reached XP level 6. HP: 51/56 MP: 5/5
  2179 | D:3      | Noticed Grinder
  2186 | D:3      | Paralysed by Grinder for 5 turns
  2192 | D:3      | Killed Grinder
  2193 | D:3      | Reached skill level 6 in Axes
  2287 | D:3      | Reached XP level 7. HP: 48/62 MP: 6/6
  2472 | D:3      | Noticed Jessica
  2482 | D:3      | Killed Jessica
  2585 | D:3      | Noticed Natasha
  2592 | D:3      | Killed Natasha
  2698 | D:3      | Noticed Natasha
  2704 | D:3      | Killed Natasha
  2705 | D:3      | Reached skill level 7 in Axes
  2712 | D:3      | Found a sparkling altar of Nemelex Xobeh.
  2740 | D:3      | Noticed Natasha
  2746 | D:3      | Killed Natasha
  2992 | D:4      | Found a sand-covered staircase.
  3001 | Ossuary  | Entered an ossuary
  3460 | D:4      | Reached skill level 8 in Axes
  3822 | D:4      | Reached XP level 8. HP: 66/71 MP: 7/7
  3838 | D:4      | Found a shimmering altar of Xom.
  4326 | D:5      | Entered Level 5 of the Dungeon
  4326 | D:5      | Found a broken altar of Ashenzari.
  4507 | D:5      | Noticed Dowan
  4508 | D:5      | Noticed Duvessa
  4513 | D:5      | Killed Dowan
  4518 | D:5      | Succumbed to Duvessa's poison

Illustrated notes

Levels and vault maps discovered:
D:1:      mushboom_english_gardens, layout_loops_ring, serial_glass,
          glass_columns_a, glass_columns_a, glass_columns_c, glass_columns_b,
          glass_columns_b, glass_columns_b, glass_columns_a, glass_columns_b,
          item_on_display_a, minmay_strange_pillars, serial_shops,
          nicolae_square_shop
D:2:      layout_loops_ring, dreamdust_ecumenical_altar_angels_and_demons,
          serial_shops, shop, hex_medium, corexii_hall_statues_l,
          kennysheep_generic_room_16, uniq_crazy_yiuf_cottage, uniq_robin
D:3:      layout_basic, nemelex_dance_club_becter, uniq_jessica, uniq_grinder,
          uniq_sigmund, uniq_natasha
D:4:      layout_basic, enter_ossuary_1, minmay_ruined_shrine
D:5:      layout_cave_pods, lemuel_crystal_altar, chequers_serial_rivers_room_a,
          uniq_duvessa

Skill      XL: |  1  2  3  4  5  6  7  8 |
---------------+-------------------------+-----
Axes           | 3 4 5 6 8 |  8.8
Fighting       | 4 5 6 7 |  7.0
Armour         | 4 5 6 7 |  7.0
Shields        | |  3.6

Action                   |  1- 3 |  4- 6 |  7- 9 || total
-------------------------+-------+-------+-------++-------
Melee: War axe           |    55 |    48 |   140 ||   243
       Headbutt          |     8 |     9 |    16 ||    33
  Use: Scroll            |       |       |     3 ||     3
       Potion            |       |       |     1 ||     1
Armor: Scale mail        |    30 |    21 |    45 ||    96
Dodge: Dodged            |    23 |    15 |    53 ||    91
Block: Buckler           |     9 |    11 |    20 ||    40
